 Dungeon Crawl Stone Soup version 0.29-a0-384-g6960b1960d (webtiles) character file.

Game seed: 815442959526856432

284 zishaf the Gusty (level 6, -4/37 HPs)
             Began as a Tengu Air Elementalist on May 6, 2022.
             Slain by a vampire mosquito (7 damage)
             ... on level 5 of the Dungeon.
             The game lasted 00:06:40 (4595 turns).

zishaf the Gusty (Tengu Air Elementalist)           Turns: 4595, Time: 00:06:41

Health: -4/37      AC:  6    Str:  8    XL:     6   Next: 29%
Magic:  1/10       EV: 14    Int: 24    God:
Gold:   259        SH:  0    Dex: 14    Spells: 2/9 levels left

rFire   . . .      SeeInvis .   q - +2 dagger (drain)
rCold   . . .      Faith    .   (no shield)
rNeg    . . .      Spirit   .   a - +0 robe
rPois   .          Reflect  .   (helmet restricted)
rElec   .          Harm     .   (no cloak)
rCorr   .          Rampage  .   (no gloves)
Will    .....                   (boots unavailable)
Stlth   ++........              (no amulet)
HPRegen 0.12/turn               h - +4 ring of protection
MPRegen 0.12/turn               s - +6 ring of intelligence

@: flying quickly and evasively, quick
A: beak, talons 3, nimble flight
a: no special abilities


You were on level 5 of the Dungeon.
You visited 1 branch of the dungeon, and saw 5 of its levels.

You collected 259 gold pieces.

Inventory:

Hand Weapons
 j - a +0 broad axe
 q - a +2 dagger of draining (weapon)
Missiles
 c - 3 throwing nets
 g - 6 poisoned darts
Armour
 a - a +0 robe (worn)
Jewellery
 h - a +4 ring of protection (left hand)
 s - a +6 ring of intelligence (right hand)
Scrolls
 i - 2 scrolls of vulnerability
 k - 3 scrolls of fear
 n - 2 scrolls of teleportation
Potions
 b - a potion of magic
 d - a potion of brilliance
 e - 2 potions of resistance
 f - 4 potions of curing
 l - 2 potions of berserk rage
 m - a potion of degeneration {unknown}
 o - a potion of cancellation {unknown}
 r - a potion of mutation


   Skills:
 + Level 3.1 Fighting
 - Level 2.1 Dodging
 - Level 2.0 Stealth
 - Level 2.0 Spellcasting
 + Level 4.0 Conjurations
 * Level 6.7 Air Magic


You had 2 spell levels left.
You knew the following spells:

 Your Spells              Type           Power      Damage    Failure   Level
a - Shock                 Conj/Air       100%       1d9       1%          1
b - Static Discharge      Conj/Air       28%        N/A       1%          2
c - Airstrike             Air            17%        N/A       8%          4

Your spell library contained the following spells:

 Spells                   Type           Power      Damage    Failure   Level
 Animate Skeleton         Necr           4%         N/A       12%         1
 Pain                     Necr           8%         1d4       12%         1
 Sandblast                Erth           4%         2d4       12%         1
 Passwall                 Tmut/Erth      1%         N/A       19%         2
 Swiftness                Air            34%        N/A       2%          3
 Stone Arrow              Conj/Erth      24%        3d8       16%         3
 Vampiric Draining        Necr           2%         2d6       34%         3
 Animate Armour           Summ/Erth      4%         N/A       75%         4
 Conjure Ball Lightning   Conj/Air       14%        3x3d6     90%         6
 Discord                  Hex            1%         N/A       100%        8
 Disjunction              Tloc           1%         N/A       100%        8
 Lehudib's Crystal Spear  Conj/Erth      6%         10d3      100%        8


Dungeon Overview and Level Annotations

Branches:
Dungeon (5/15)
 Temple: D:4-7

Altars:
Hepliaklqana
Nemelex Xobeh

Shops:
D:2 (


Innate Abilities, Weirdness & Mutations

You have a beak for a mouth.
You have claws for feet.
Your magical nature lets you fly swiftly and evasively.


Message History

The lightning grounds out.
The vampire mosquito completely misses you.
The vampire mosquito bites you!
The vampire mosquito draws strength from your injuries!
Casting: Static Discharge (safe; 1% risk of failure)
Confirm with . or Enter, or press ? or * to list all spells.
The vampire mosquito is struck by an arc of lightning!
The vampire mosquito is moderately damaged.
The vampire mosquito is struck by an arc of lightning!
The vampire mosquito is heavily damaged.
The lightning grounds out.
The vampire mosquito bites you.
The vampire mosquito draws strength from your injuries!
The vampire mosquito closely misses you.
Casting: Static Discharge (safe; 1% risk of failure)
Confirm with . or Enter, or press ? or * to list all spells.
The vampire mosquito is struck by an arc of lightning.
The vampire mosquito is moderately damaged.
You are struck by an arc of lightning.
The lightning grounds out.
The vampire mosquito bites you.
* * * LOW HITPOINT WARNING * * *
The vampire mosquito draws strength from your injuries!
The vampire mosquito closely misses you.
Casting: Static Discharge (safe; 1% risk of failure)
Confirm with . or Enter, or press ? or * to list all spells.
The vampire mosquito is struck by an arc of lightning.
The vampire mosquito is moderately damaged.
You are struck by an arc of lightning.
* * * LOW HITPOINT WARNING * * *
The lightning grounds out.
The vampire mosquito bites you.
* * * LOW HITPOINT WARNING * * *
The vampire mosquito draws strength from your injuries!
The vampire mosquito misses you.
Casting: Static Discharge (safe; 1% risk of failure)
Confirm with . or Enter, or press ? or * to list all spells.
You don't know that spell.
You hit the vampire mosquito but do no damage.
Your kick misses the vampire mosquito.
The vampire mosquito is moderately damaged.
The vampire mosquito bites you!
You die...

#.#######.#
#.#.# #<#.#
#.#.# #.#.#
#.#.#####.#.#
#y#.......#.#
#.#.......#.#
#.#.......#.#
#.#########.####
#..yy@.........#
###########.#.##
#...#.# #.#.#.#
#.#.#.# #.###.#
#...#.#
####.##.#
#....##.#


You could see 2 vampire mosquitoes.

Vanquished Creatures
  A phantom (D:4)
  A scorpion (D:3)
  An orc priest (D:3)
  5 adders
  A dart slug (D:4)
  4 orcs (D:3)
  8 ball pythons
  3 bats
  4 endoplasms
  2 giant cockroaches
  7 goblins
  7 hobgoblins
  5 jackals
  6 quokkas
  5 frilled lizards
  4 kobolds
  5 rats
69 creatures vanquished.

Notes
Turn   | Place    | Note
-------+----------+-------------------------------------------
     0 | D:1      | zishaf the Tengu Air Elementalist began the quest for the
                  | Orb.
     0 | D:1      | Reached XP level 1. HP: 10/10 MP: 4/4
   253 | D:1      | Reached skill level 1 in Fighting
   253 | D:1      | Reached XP level 2. HP: 5/16 MP: 3/6
   501 | D:1      | Learned a level 2 spell: Static Discharge
  1361 | D:1      | Reached XP level 3. HP: 20/20 MP: 3/7
  2187 | D:2      | Reached skill level 5 in Air Magic
  2233 | D:2      | Found Ihaajisyed's Weapon Boutique.
  2245 | D:2      | Found a faded altar of an unknown god.
  2293 | D:2      | Reached XP level 4. HP: 26/26 MP: 5/8
  3042 | D:3      | Learned a level 4 spell: Airstrike
  3348 | D:3      | Gained mutation: Your magical nature lets you fly swiftly
                  | and evasively. [Tengu growth]
  3348 | D:3      | Reached XP level 5. HP: 25/31 MP: 4/9
  3437 | D:3      | Found a hazy altar of Hepliaklqana.
  3784 | D:3      | Reached skill level 6 in Air Magic
  4336 | D:4      | Noticed a phantom
  4339 | D:4      | Killed a phantom
  4340 | D:4      | Reached XP level 6. HP: 37/37 MP: 0/10
  4428 | D:4      | Found a sparkling altar of Nemelex Xobeh.
  4514 | D:5      | Entered Level 5 of the Dungeon
  4586 | D:5      | Noticed a vampire mosquito
  4586 | D:5      | Noticed a vampire mosquito
  4595 | D:5      | Slain by a vampire mosquito

Illustrated notes

Levels and vault maps discovered:
D:1:      minmay_arrival_up_and_down, layout_basic
D:2:      cheibrodos_helix_gallery, layout_basic, serial_shops,
          nicolae_diamond_shop, chequers_ecumenical_altar_island,
          roderic_st_hans_cross, hangedman_glass_teeth, hex_medium
D:3:      layout_loops_cross, lemuel_coloured_pillars_altar
D:4:      layout_cave_pools, general_overflow_altar, hangedman_decor_slide_cut
D:5:      layout_basic, tso_altar, trog_wizard, temple_fountains

Skill      XL: |  1  2  3  4  5 |
---------------+----------------+-----
Fighting       | 1 2 3 |  3.1
Conjurations   | 2 3 4 |  4.0
Air Magic      | 5 6 |  6.7
Dodging        | |  2.1
Stealth        | |  2.0
Spellcasting   | |  2.0

Action                   |  1- 3 |  4- 6 || total
-------------------------+-------+-------++-------
Melee: Unarmed           |     7 |       ||     7
       Peck              |     6 |     1 ||     7
       Dagger            |    16 |    10 ||    26
       Kick              |     2 |     1 ||     3
 Cast: Shock             |    75 |    50 ||   125
       Static Discharge  |       |     6 ||     6
       Airstrike         |       |     2 ||     2
  Use: Scroll            |       |    11 ||    11
 Stab: Sleeping          |       |     1 ||     1
Armor: Robe              |    10 |     9 ||    19
Dodge: Dodged            |    33 |    19 ||    52

Table legend: (Time is in decaauts)
 A = Elapsed time spent in this place.
 B = Non-inter-level travel time spent in this place.
 C = Inter-level travel time spent in this place.
 D = Time resting spent in this place.
 E = Time spent auto-exploring this place.
 F = Levels seen in this place.
 G = Mean time per level.
                   A        B        C        D        E       F      G
               +--------+--------+--------+--------+--------+-----+--------+
         Total |   4501 |   4329 |    172 |     64 |   3781 |   5 |  900.2 |
       Dungeon |   4501 |   4329 |    172 |     64 |   3781 |   5 |  900.2 |
               +--------+--------+--------+--------+--------+-----+--------+

Top non-repeatable levels by time:
     D:1: 1823 daAuts
     D:2: 1203 daAuts
     D:3: 920 daAuts
     D:4: 481 daAuts
     D:5: 73 daAuts
